 Dungeon Crawl Stone Soup version 0.31-a0-963-ga325b2283a (webtiles) character file.

Game seed: 8435935354326101522

150 Maxmaps the Sneak (level 5, -1/36 HPs)
             Began as an Octopode Monk on Oct 25, 2023.
             Slain by a jelly (3 damage)
             ... on level 4 of the Dungeon.
             The game lasted 00:02:36 (2414 turns).

Maxmaps the Sneak (Octopode Monk)                   Turns: 2414, Time: 00:02:36

Health: -1/36      AC: -3    Str: 11    XL:     5   Next: 32%
Magic:  5/5        EV: 14    Int: 14    God:
Gold:   232        SH:  0    Dex: 14    Spells: 4/4 levels left

rFire   . . .        m - +1 dagger (venom)
rCold   . . .        (no shield)
rNeg    . . .        (helmet restricted)
rPois   .            (no amulet)
rElec   .            (no ring)
rCorr   .            (no ring)
SInv    .            (no ring)
Will    .....        (no ring)
Stlth   ++++         (no ring)
HPRegen 0.26/turn    (no ring)
MPRegen 0.09/turn    (no ring)
                     (no ring)

%: no passive effects
@: corroded
A: almost no armour, amphibious, 8 rings, camouflage 1, gelatinous body 1,
(nimble swimmer 1), tentacles
a: no special abilities


You were on level 4 of the Dungeon.
You visited 1 branch of the dungeon, and saw 4 of its levels.

You collected 232 gold pieces.

Inventory:

Hand Weapons
 h - a +0 dagger of draining
 m - a +1 dagger of venom (weapon)
Armour
 e - an orb of light
 k - a +0 kite shield
Jewellery
 f - a +6 ring of dexterity
 g - a ring of protection from cold
 l - a ring of flight
 r - an amulet of magic regeneration
Wands
 o - a wand of polymorph (4)
Scrolls
 d - 2 scrolls of blinking {unknown}
 i - 3 scrolls of identify {unknown}
 n - a scroll of enchant armour {unknown}
 p - 4 scrolls of poison {unknown}
 q - a scroll of fog {unknown}
Potions
 a - 2 potions of ambrosia
 b - a potion of brilliance {unknown}
 c - 2 potions of curing {unknown}
 j - a potion of degeneration {unknown}


   Skills:
 - Level 3.0 Fighting
 + Level 3.1 Short Blades
 - Level 3.0 Dodging
 - Level 5.0 Stealth
 - Level 3.0 Unarmed Combat


You had 4 spell levels left.
You didn't know any spells.
Your spell library contained the following spells:

 Spells                   Type           Power      Damage    Failure   Level
 Shock                    Conj/Air       0%         1d3       28%         1
 Lesser Beckoning         Tloc           0%         N/A       41%         2
 Poisonous Vapours        Pois/Air       0%         N/A       41%         2
 Gell's Gravitas          Tloc           0%         N/A       65%         3
 Mephitic Cloud           Conj/Pois/Air  0%         N/A       65%         3
 Swiftness                Air            0%         N/A       65%         3
 Teleport Other           Tloc           0%         N/A       65%         3
 Airstrike                Air            0%         2d(0-16)  96%         4
 Freezing Cloud           Conj/Ice/Air   0%         6-21      100%        5


Dungeon Overview and Level Annotations

Branches:
Dungeon (4/15)
 Temple: D:4-7

Altars:
Nemelex Xobeh
Trog


Innate Abilities, Weirdness & Mutations

You cannot wear most types of armour.
You are amphibious.
You can wear up to eight rings at the same time.
Your skin changes colour to match your surroundings (Stealth+).
Your rubbery body absorbs attacks. (AC +1, EV +1)
((You are camouflaged when in or above water. (Stealth+)))
You have tentacles for arms and can constrict up to eight enemies at once.


Message History

You open the door.
A goblin and a jelly come into view.
There is an open door here.
There are monsters nearby!
The jelly quivers.
The jelly misses you.
There are monsters nearby!
You hit the jelly.
Your tentacles burn!
The jelly is lightly wounded.
The jelly barely misses you.
You hit the jelly.
The jelly is poisoned.
The acid corrodes you!
Your tentacles burn!
You tentacle-slap the jelly.
The jelly is lightly wounded.
The jelly hits you. The acid corrodes you!
You are splashed with acid!
You are too injured to fight recklessly!
You are too injured to fight recklessly!
You are too injured to fight recklessly!
You are too injured to fight recklessly!
You are too injured to fight recklessly!
You are too injured to fight recklessly!
You are too injured to fight recklessly!
You are too injured to fight recklessly!
You are too injured to fight recklessly!
You are too injured to fight recklessly!
You are too injured to fight recklessly!
You are too injured to fight recklessly!
You are too injured to fight recklessly!
You are too injured to fight recklessly!
Unknown command.
There is an open door here.
You hit the jelly but do no damage.
Your tentacles burn!
The jelly is moderately wounded.
The jelly hits you.
* * * LOW HITPOINT WARNING * * *
You are splashed with acid!
* * * LOW HITPOINT WARNING * * *
Unknown command.
Okay, then.
The jelly attacks as it pursues you! The jelly hits you.
You die...

.... ..... .....###+####
.... ............# #...
............# #...
............# #...
............# #...
............# #...
........@...######+###...
...###J##...............
#....#...............
#....#...............
#....#...............
#....#...............
#....#...............
#.g..#...............
######...............


You could see a jelly (very poisoned) and a goblin (asleep).

Vanquished Creatures
  A hound (D:4)
  2 adders
  An adder skeleton (D:2)
  An adder zombie (D:2)
  4 worms (D:3)
  2 dart slugs
  10 orcs (D:3)
  6 bats
  A bat zombie (D:2)
  8 endoplasms
  6 hobgoblins
  A jackal (D:1)
  3 quokkas
  3 ball pythons
  3 ball python zombies (D:2)
  2 frilled lizards
  A giant cockroach zombie (D:2)
  6 goblins
  4 kobolds
  A quokka zombie (D:2)
  6 rats
72 creatures vanquished.

Notes
Turn   | Place    | Note
-------+----------+-------------------------------------------
     0 | D:1      | Maxmaps the Octopode Monk began the quest for the Orb.
     0 | D:1      | Reached XP level 1. HP: 16/16 MP: 1/1
   192 | D:1      | Reached skill level 1 in Stealth
   271 | D:1      | Reached skill level 2 in Stealth
   286 | D:1      | Reached XP level 2. HP: 20/21 MP: 2/2
   355 | D:1      | Reached skill level 3 in Stealth
   631 | D:1      | Reached XP level 3. HP: 23/26 MP: 3/3
   778 | D:1      | Reached skill level 4 in Stealth
  1214 | D:2      | Found a faded altar of an unknown god.
  1264 | D:2      | Found a sparkling altar of Nemelex Xobeh.
  1314 | D:2      | Reached skill level 5 in Stealth
  1462 | D:3      | Reached XP level 4. HP: 21/31 MP: 4/4
  1480 | D:2      | Reached skill level 1 in Short Blades
  1926 | D:3      | Reached XP level 5. HP: 36/36 MP: 5/5
  2206 | D:3      | Found a bloodstained altar of Trog.
  2414 | D:4      | Slain by a jelly

Illustrated notes

Levels and vault maps discovered:
D:1:      dpeg_arrival_erosion, layout_loops_ring, minmay_tree_intersection,
          minmay_3d_cube
D:2:      layout_rooms, hellmonk_ecumenical_altar_leap_of_faith, basic_altar,
          serial_undead, serial_undead_e, serial_undead_c, serial_undead_d,
          serial_undead_e, serial_undead_a, serial_undead_a
D:3:      minmay_chambers_of_threes, layout_basic, trog_three_pillars_becter,
          nicolae_houndstooth_variations
D:4:      layout_gridville, grunt_temple_overflow_order_and_chaos_2,
          lemuel_blue_sif_altar, serial_glass, glass_columns_b, glass_columns_b

Skill      XL: |  1  2  3  4  5 |
---------------+----------------+-----
Stealth        | 2 3 5 |  5.0
Short Blades   | 2 3 |  3.1
Fighting       | |  3.0
Dodging        | |  3.0
Unarmed Combat | |  3.0

Action                     |  1- 3 |  4- 6 || total
---------------------------+-------+-------++-------
  Melee: Unarmed           |    86 |       ||    86
         Constrict         |    25 |    16 ||    41
         Tentacles         |    22 |    10 ||    32
         Punch             |     4 |     1 ||     5
         Dagger            |     2 |    55 ||    57
   Stab: Sleeping          |    16 |     8 ||    24
 Armour: Skin              |    34 |    20 ||    54
  Dodge: Dodged            |    35 |    25 ||    60

Table legend: (Time is in decaauts)
 A = Elapsed time spent in this place.
 B = Non-inter-level travel time spent in this place.
 C = Inter-level travel time spent in this place.
 D = Time resting spent in this place.
 E = Time spent auto-exploring this place.
 F = Levels seen in this place.
 G = Mean time per level.
                   A        B        C        D        E       F      G
               +--------+--------+--------+--------+--------+-----+--------+
         Total |   2404 |   2293 |    111 |    198 |   1687 |   4 |  601.0 |
       Dungeon |   2404 |   2293 |    111 |    198 |   1687 |   4 |  601.0 |
               +--------+--------+--------+--------+--------+-----+--------+

Top non-repeatable levels by time:
     D:1: 856 daAuts
     D:3: 785 daAuts
     D:2: 659 daAuts
     D:4: 103 daAuts
